 Dungeon Crawl Stone Soup version 0.22.1-2-g9c5b331 (webtiles) character file.

558 magicm the Slasher (level 7, -6/36 HPs)
             Began as a Vine Stalker Fighter on Nov 14, 2018.
             Mangled by an ogre
             ... wielding a +0 giant club
              (18 damage)
             ... on level 4 of the Dungeon.
             The game lasted 00:09:02 (1910 turns).

magicm the Slasher (Vine Stalker Fighter)           Turns: 1910, Time: 00:09:03

Health: -6/36      AC:  6    Str: 18    XL:     7   Next: 31%
Magic:  0/8        EV: 10    Int: 10    God:
Gold:   170        SH: 10    Dex: 14    Spells: 6/6 levels left

rFire    . . .     SeeInvis .   a - +0 long sword
rCold    . . .     Gourm    .   c - +1 shield
rNeg     + . .     Faith    .   b - +0 scale mail
rPois    .         Spirit   +   (no helmet)
rElec    .         Reflect  .   (no cloak)
rCorr    .         Harm     .   (no gloves)
MR       .....                  (no boots)
Stlth    ..........             (no amulet)
HPRegen  0.52/turn              e - +2 ring of evasion
MPRegen  0.11/turn              g - ring of positive energy

@: no status effects
A: fangs 2, regeneration 1, magic shield, antimagic bite, no potion heal 3, rot
immunity
a: no special abilities


You were on level 4 of the Dungeon.
You were not hungry.

You visited 1 branch of the dungeon, and saw 4 of its levels.

You collected 170 gold pieces.

Inventory:

Hand Weapons
 a - a +0 long sword (weapon)
Armour
 b - a +0 scale mail (worn)
 c - a +1 shield (worn)
Jewellery
 e - a +2 ring of evasion (left hand)
 g - a ring of positive energy (right hand)
 h - an uncursed ring of flight
Wands
 i - a wand of iceblast (5)
Scrolls
 d - a scroll of teleportation
Potions
 j - a potion of degeneration {unknown}
 k - a potion of brilliance {unknown}
 l - a potion of berserk rage {unknown}
 m - a potion of cancellation {unknown}
Comestibles
 f - 7 rations


   Skills:
 + Level 3.6 Fighting
 + Level 4.9 Long Blades
 + Level 3.3 Armour
 + Level 1.1 Dodging
 + Level 0.3 Stealth
 + Level 4.1 Shields


You had 6 spell levels left.
You didn't know any spells.
Your spell library was empty.

Dungeon Overview and Level Annotations

Branches:
Dungeon (4/15)             Temple (0/1) D:4

Altars:


Innate Abilities, Weirdness & Mutations

You have extremely sharp teeth.
Your natural rate of healing is unusually fast.
When hurt, damage is shared between your health and your magic reserves.
Your bite disrupts and absorbs the magic of your enemies.
Potions cannot restore your health.
You are immune to rotting.


Message History

You hit the ogre. You bite the ogre, but do no damage.
The ogre is moderately wounded.
You block the ogre's attack.
You slash the ogre!
The ogre is severely wounded.
The ogre hits you with a giant club!!
Ouch! That really hurt!
* * * LOW HITPOINT WARNING * * *
You hit the ogre.
The ogre is severely wounded.
The ogre completely misses you.
Your shield and scale mail prevent you from hitting the ogre.
Your bite misses the ogre.
The ogre is severely wounded.
You block the ogre's attack.
You barely miss the ogre. Your bite misses the ogre.
The ogre is severely wounded.
The ogre hits you with a giant club!!
Ouch! That really hurt!
You die...

### ..# ..# ##########
..# #........# ..#
#........# ..#
#........# ..#
########........#
..####.........O.....#
..#....#****#...@....#
....#..# #........#
#####..# #........# #
#..#########.#####
#####.....>...##.#
..............##.##
####..........##..#
##....###########.#
......# #.#


You could see an ogre.

Vanquished Creatures
  Grinder (D:4)
  The ghost of nightchill the Insei, an amateur MfTm (D:3)
  Blork the orc (D:4)
  A water moccasin skeleton (D:4)
  4 adders
  2 oozes
  4 worms
  2 dart slugs
  4 leopard geckos
  5 orcs
  2 giant cockroaches
  5 goblins
  6 hobgoblins
  4 jackals (D:1)
  A quokka (D:2)
  3 bats
  3 frilled lizards
  8 kobolds
  2 rats (D:1)
59 creatures vanquished.

Notes
Turn   | Place    | Note
-------+----------+-------------------------------------------
     0 | D:1      | magicm the Vine Stalker Fighter began the quest for the
                  | Orb.
     0 | D:1      | Reached XP level 1. HP: 11/11 MP: 2/2
   129 | D:1      | Reached XP level 2. HP: 13/16 MP: 3/3
   330 | D:1      | Reached XP level 3. HP: 17/19 MP: 4/4
   678 | D:2      | Gained mutation: Your natural rate of healing is unusually
                  | fast. [Vine Stalker growth]
   678 | D:2      | Reached XP level 4. HP: 21/24 MP: 5/5
  1287 | D:3      | Found a runed door.
  1287 | D:3      | Noticed nightchill's ghost (amateur MfTm)
  1415 | D:3      | Killed nightchill's ghost
  1415 | D:3      | Reached XP level 5. HP: 15/28 MP: 4/6
  1616 | D:3      | Reached XP level 6. HP: 30/32 MP: 7/7
  1770 | D:4      | Noticed Blork the orc
  1777 | D:4      | Killed Blork the orc
  1826 | D:4      | Noticed Grinder
  1843 | D:4      | Killed Grinder
  1843 | D:4      | Reached skill level 1 in Dodging
  1843 | D:4      | Reached XP level 7. HP: 14/36 MP: 2/8
  1910 | D:4      | Mangled by an ogre

Skill      XL: |  1  2  3  4  5  6 |
---------------+-------------------+-----
Shields        | 3 4 |  4.1
Long Blades    | 2 3 4 |  4.9
Fighting       | 3 |  3.6
Armour         | 3 |  3.3
Dodging        | 1 |  1.1
Stealth        | |  0.3

Action                   |  1- 3 |  4- 6 |  7- 9 || total
-------------------------+-------+-------+-------++-------
Melee: Long sword        |    89 |    98 |     6 ||   193
       Bite              |    20 |    33 |     1 ||    54
  Use: Scroll            |     1 |    11 |       ||    12
       Potion            |       |     1 |       ||     1
  Eat: Ration            |       |     1 |       ||     1
Armor: Scale mail        |    57 |    18 |       ||    75
Dodge: Dodged            |    27 |    28 |     1 ||    56
Block: Shield            |    56 |    44 |     3 ||   103
       Rpst.: Long sword |     7 |    10 |       ||    17
